 Dungeon Crawl Stone Soup version 0.29-a0-517-gbdf32494f2 (webtiles) character file.

Game seed: 4990985842923633797

102 xian the Conjurer (level 4, -8/21 HPs)
             Began as a Vine Stalker Conjurer on May 30, 2022.
             Mangled by Sigmund
             ... wielding a +1 scythe of freezing
              (11 damage)
             ... on level 3 of the Dungeon.
             The game lasted 00:04:52 (2835 turns).

xian the Conjurer (Vine Stalker Conjurer)           Turns: 2835, Time: 00:04:53

Health: -8/21      AC:  2    Str:  9    XL:     4   Next: 78%
Magic:  0/9        EV: 12    Int: 20    God:
Gold:   124        SH:  0    Dex: 13    Spells: 6/9 levels left

rFire   + . .      SeeInvis .   m - +1 dagger (vamp)
rCold   x . .      Faith    .   (no shield)
rNeg    . . .      Spirit   +   a - +0 robe
rPois   .          Reflect  .   (no helmet)
rElec   .          Harm     .   (no cloak)
rCorr   +          Rampage  .   (no gloves)
Will    .....                   (no boots)
Stlth   ++........              (no amulet)
HPRegen 0.87/turn               d - ring of resist corrosion
MPRegen 0.11/turn               s - ring of fire

@: no status effects
A: fangs 2, regeneration 1, magic shield, antimagic bite, no potion heal 2
a: no special abilities


You were on level 3 of the Dungeon.
You visited 1 branch of the dungeon, and saw 3 of its levels.

You collected 124 gold pieces.

Inventory:

Hand Weapons
 m - a +1 vampiric dagger (weapon)
Missiles
 c - 2 atropa-tipped darts
Armour
 a - a +0 robe (worn)
Jewellery
 d - a ring of resist corrosion (left hand)
 s - a ring of fire (right hand)
Scrolls
 g - a scroll of silence {unknown}
 h - a scroll of immolation {unknown}
 i - 4 scrolls of identify {unknown}
 k - 3 scrolls of amnesia {unknown}
 p - a scroll of blinking {unknown}
Potions
 b - 2 potions of magic
 e - a potion of flight {unknown}
 f - 2 potions of mutation {unknown}
 j - a potion of heal wounds {unknown}
 l - a potion of haste {unknown}
 n - a potion of curing {unknown}
 o - a potion of might {unknown}
 q - a potion of degeneration {unknown}
 r - a potion of brilliance {unknown}


   Skills:
 + Level 0.1 Short Blades
 + Level 1.9 Dodging
 + Level 2.9 Stealth
 + Level 3.1 Spellcasting
 + Level 5.2 Conjurations


You had 6 spell levels left.
You knew the following spells:

 Your Spells              Type           Power      Damage    Failure   Level
a - Magic Dart            Conj           92%        1d7       1%          1
b - Searing Ray           Conj           46%        2d6       2%          2

Your spell library contained the following spells:

 Spells                   Type           Power      Damage    Failure   Level
 Dazzling Flash           Conj/Hex       26%        N/A       14%         3
 Poisonous Vapours        Pois/Air       6%         N/A       22%         2
 Fulminant Prism          Conj/Hex       6%         3d7       43%         4
 Iskenderun's Mystic Bla  Conj/Tloc      13%        2d5       43%         4
 Corpse Rot               Necr/Pois/Air  3%         N/A       80%         4
 Malign Gateway           Summ/Tloc      1%         N/A       100%        7
 Summon Horrible Things   Summ           1%         N/A       100%        8


Dungeon Overview and Level Annotations

Branches:
Dungeon (3/15)

Altars:

Annotations:
D:3 Sigmund


Innate Abilities, Weirdness & Mutations

You have extremely sharp teeth.
Your natural rate of healing is unusually fast.
When hurt, damage is shared between your health and your magic reserves.
Your bite disrupts and absorbs the magic of your enemies.
Potions cannot restore your health.


Message History

Sigmund is severely wounded.
Sigmund looks at you with fury. Sigmund closely misses you.
The searing ray misses Sigmund.
You finish channelling your searing ray.
Sigmund gestures at you while chanting. You resist with some effort.
Casting: Searing Ray (safe; 2% risk of failure)
Confirm with . or Enter, or press ? or * to list all spells.
Aiming: Searing Ray (safe; 2% risk of failure)
Press: ? - help, Shift-Dir - straight line, f - orc priest, p - Sigmund
Aim: an orc priest, wielding a +0 whip and wearing a +0 leather armour (78% to hit)
The searing ray misses Sigmund.
The searing ray hits the orc.
The orc is lightly wounded.
The searing ray hits the orc priest.
The orc priest is moderately wounded. (Press . to maintain the ray.)
An orc comes into view. It is wielding a +0 short sword.
Sigmund gestures wildly while chanting.
Sigmund flickers and vanishes!
Deactivating autopickup; reactivate with Ctrl-A.
The searing ray hits the orc priest!
You kill the orc priest!
An orc comes into view. It is wielding a +0 short sword.
Something hits you!
Ouch! That really hurt!
Something freezes you!
* * * LOW HITPOINT WARNING * * *
Your Spellcasting skill increases to level 3!
Without enough magic to sustain it, your searing ray dissipates.
The orc shouts!
You hear a shout!
The orc hits you with a +0 hand axe.
* * * LOW HITPOINT WARNING * * *
Unknown command.
Casting: Searing Ray (safe; 2% risk of failure)
Confirm with . or Enter, or press ? or * to list all spells.
You don't have enough magic to cast this spell.
You barely miss the orc. The orc closely misses you. Something hits you!
Ouch! That really hurt!
You die...

##...........# #............#
###..).........# #
#.#............. .#
###..(####'#####.# .# ..#.####
#.....# ..# . #.#....#
#####.###..#..#
#....#####...#.#.....o.# ###
................@o{).... ..#
#....##.##.#.#.#......J. ..##
#....##....#...######.#####..##
................ .>..> #
###.###<###..... #..J#.## ###.#
# #...... #.#...@..# ....#
....... #...<# '#### #........
##...# ....# #....+


You could see 2 orcs and an endoplasm (wandering).

Vanquished Creatures
  An orc priest (D:3)
  2 adders (D:2)
  2 worms
  2 dart slugs (D:2)
  4 ball pythons
  7 bats
  3 endoplasms (D:2)
  2 giant cockroaches
  6 goblins
  6 hobgoblins
  2 quokkas
  2 frilled lizards (D:2)
  2 kobolds (D:2)
  2 rats (D:1)
43 creatures vanquished.

Vanquished Creatures (others)
  4 plants (D:3)
4 creatures vanquished.

Grand Total: 47 creatures vanquished

Notes
Turn   | Place    | Note
-------+----------+-------------------------------------------
     0 | D:1      | xian the Vine Stalker Conjurer began the quest for the Orb.
     0 | D:1      | Reached XP level 1. HP: 9/9 MP: 4/4
   533 | D:1      | Reached XP level 2. HP: 13/13 MP: 4/6
  1133 | D:1      | Found a faded altar of an unknown god.
  1412 | D:2      | Reached XP level 3. HP: 14/16 MP: 0/7
  2127 | D:2      | Gained mutation: Your natural rate of healing is unusually
                  | fast. [Vine Stalker growth]
  2127 | D:2      | Reached XP level 4. HP: 19/21 MP: 5/9
  2363 | D:2      | Reached skill level 5 in Conjurations
  2555 | D:3      | Noticed Sigmund
  2561 | D:2      | Learned a level 2 spell: Searing Ray
  2835 | D:3      | Mangled by Sigmund

Illustrated notes

Levels and vault maps discovered:
D:1:      lightli_molten_gateway, layout_basic, basic_ecumenical_altar
D:2:      layout_loops_cross
D:3:      layout_basic, makhleb_altar_promises_db, serial_shops, shop,
          nicolae_shop_overgrown_old_shop, uniq_sigmund

Skill      XL: |  1  2  3  4 |
---------------+-------------+-----
Conjurations   | 5 |  5.2
Spellcasting   | 3 |  3.1
Short Blades   | |  0.1
Dodging        | |  1.9
Stealth        | |  2.9

Action                   |  1- 3 |  4- 6 || total
-------------------------+-------+-------++-------
Melee: Dagger            |     2 |     1 ||     3
       Bite              |     1 |       ||     1
 Cast: Magic Dart        |    68 |    26 ||    94
       Searing Ray       |       |     2 ||     2
Armor: Robe              |     1 |       ||     1
Dodge: Dodged            |     7 |     2 ||     9

Table legend: (Time is in decaauts)
 A = Elapsed time spent in this place.
 B = Non-inter-level travel time spent in this place.
 C = Inter-level travel time spent in this place.
 D = Time resting spent in this place.
 E = Time spent auto-exploring this place.
 F = Levels seen in this place.
 G = Mean time per level.
                   A        B        C        D        E       F      G
               +--------+--------+--------+--------+--------+-----+--------+
         Total |   2832 |   2696 |    136 |      0 |   2452 |   3 |  944.0 |
       Dungeon |   2832 |   2696 |    136 |      0 |   2452 |   3 |  944.0 |
               +--------+--------+--------+--------+--------+-----+--------+

Top non-repeatable levels by time:
     D:2: 1297 daAuts
     D:1: 1267 daAuts
     D:3: 268 daAuts
